 Dungeon Crawl Stone Soup version 0.20.1-1-g8b1a95d (webtiles) character file.

947 rrRat the Slasher (level 7, -2/61 HPs)
             Began as a Yellow Draconian Berserker on Nov 1, 2017.
             Was an Elder of Trog.
             Slain by a cyclops (24 damage)
             ... on level 4 of the Dungeon.
             The game lasted 00:21:30 (2876 turns).

rrRat the Slasher (Yellow Draconian Berserker)      Turns: 2876, Time: 00:21:31

Health: -2/61      AC:  9    Str: 21    XL:     7   Next: 89%
Magic:  7/7        EV: 10    Int:  8    God:    Trog [****..]
Gold:   127        SH:  7    Dex: 10    Spells: 6/6 levels left

rFire    . . .     SeeInvis .   n - +0 falchion
rCold    . . .     Gourm    .   A - +0 shield
rNeg     . . .     Faith    .   (armour unavailable)
rPois    .         Spirit   .   (helmet restricted)
rElec    .         Reflect  .   e - +0 cloak
rCorr    +         Harm     .   y - +0 pair of gloves
MR       .....                  i - +0 pair of boots
Stlth    +.........             (no amulet)
Regen    0.2/turn               (no ring)
MPRegen  0.1/turn               (no ring)

@: short of breath
A: spit acid, acid resistance, unfitting armour, cold-blooded, AC +6
a: Breathe Acid, Berserk, Trog's Hand, Brothers in Arms, Burn Spellbooks,
Renounce Religion


You were on level 4 of the Dungeon.
You worshipped Trog.
Trog was greatly pleased with you.
You were not hungry.

You visited 1 branch of the dungeon, and saw 4 of its levels.

You collected 217 gold pieces.
You spent 90 gold pieces at shops.

Inventory:

Hand Weapons
 n - a +0 falchion (weapon)
Armour
 e - a +0 cloak (worn)
 i - a +0 pair of boots (worn)
 y - a +0 pair of gloves (worn)
 A - a +0 shield (worn)
Wands
 q - a wand of flame (34/48)
Scrolls
 a - a scroll of enchant armour {unknown}
 c - a scroll of recharging {unknown}
 g - 5 scrolls of remove curse
 h - 2 scrolls of identify {unknown}
 j - a scroll of blinking {unknown}
 l - 2 scrolls of fog {unknown}
 p - 2 scrolls of random uselessness {unknown}
 u - a scroll of enchant weapon {unknown}
 w - a scroll of magic mapping {unknown}
 z - a scroll of amnesia {unknown}
Potions
 d - a potion of mutation {unknown}
 k - 2 potions of degeneration {unknown}
 o - a potion of brilliance {unknown}
 r - a potion of curing {unknown}
 t - 2 potions of haste {unknown}
 v - a potion of flight {unknown}
Comestibles
 b - 2 bread rations
 f - a fruit
 m - 3 meat rations
 s - a royal jelly


   Skills:
 * Level 5.2 Fighting
 * Level 7.7 Long Blades
 + Level 4.5 Dodging
 + Level 0.8 Stealth


You had 6 spell levels left.
You didn't know any spells.

Dungeon Overview and Level Annotations

Branches:
Dungeon (4/15)
 Temple: D:4-7

Altars:
Ashenzari
Dithmenos
Hepliaklqana
Kikubaaqudgha
Okawaru
Qazlal
Yredelemnul

Shops:
D:4 [

Annotations:
D:4 1 transporter


Innate Abilities, Weirdness & Mutations

You can spit globs of acid.
You are resistant to acid.
Your golden yellow scales are hard. (AC +6)
You cannot fit into any form of body armour.
You are cold-blooded and may be slowed by cold attacks.


Message History

The sky beast closely misses you. You block the adder zombie's attack.
The adder skeleton barely misses you. The cyclops hits you!!
You hit the cyclops but do no damage.
The adder zombie bites you but does no damage.
The sky beast closely misses you.
You riposte.
You miss the sky beast. You tail-slap the sky beast.
The sky beast is lightly wounded.
The adder skeleton bites you but does no damage.
You hit the cyclops.
The cyclops is lightly wounded.
The adder zombie bites you. You block the adder skeleton's attack.
The sky beast flickers out of sight!
Deactivating autopickup; reactivate with Ctrl-A.
Something hits you. Something shocks you. You block the cyclops's attack.
You hit the cyclops.
The cyclops is moderately wounded.
The adder zombie closely misses you.
You riposte.
You closely miss the adder zombie. The adder skeleton bites you.
Something hits you. Something shocks you. The cyclops hits you!!
You die...

#......####......................
#...........#########............
#.)........##8$._.$8##.........>.
#..........#..($$!!..#...........
#..........#.........#...........
#..........#.........#...........
#..........#........©#...........
...........#.....{...#.......>...
#..........#....@C...#...........
####...###.#...ZZ....#.######....
# #...# #.##8.....8##.######....
. ....# #..#########..##........
####...# #......©.....###......##
#####+## #........##### #......#
....#.<#####.#....# #......#
)...#......#.#....# #......#
.⌠.⌠#......#.#....# #......##


You could see a cyclops, an adder zombie and an adder skeleton.

Vanquished Creatures
  Grinder (D:4)
  Sigmund (D:3)
  Eustachio (D:4)
  A bullfrog (D:3)
  A scorpion (D:4)
  A water moccasin skeleton (D:4)
  An orc priest (D:3)
  Jessica (D:2)
  An iguana (D:4)
  A worker ant (D:4)
  A hound skeleton (D:4)
  Robin (D:3)
  2 adders (D:3)
  4 oozes
  3 worms
  3 dart slugs
  4 leopard geckos
  6 orcs
  4 giant cockroaches
  14 goblins
  7 hobgoblins
  18 jackals
  2 quokkas (D:4)
  2 ball pythons (D:2)
  11 bats
  3 frilled lizards
  10 kobolds
  7 rats
112 creatures vanquished.

Notes
Turn   | Place    | Note
-------+----------+-------------------------------------------
     0 | D:1      | rrRat the Draconian Berserker began the quest for the Orb.
     0 | D:1      | Reached XP level 1. HP: 19/19 MP: 1/1
    42 | D:1      | Reached XP level 2. HP: 22/26 MP: 2/2
   215 | D:1      | Reached ** piety under Trog
   478 | D:1      | Reached XP level 3. HP: 31/31 MP: 3/3
   949 | D:2      | Reached skill level 4 in Long Blades
   953 | D:2      | Found an iron altar of Okawaru.
   965 | D:2      | Reached XP level 4. HP: 31/40 MP: 4/4
  1071 | D:2      | Reached *** piety under Trog
  1091 | D:2      | Found an ancient bone altar of Kikubaaqudgha.
  1346 | D:3      | Noticed Jessica
  1367 | D:2      | Killed Jessica
  1381 | D:3      | Reached XP level 5. HP: 23/46 MP: 5/5
  1649 | D:3      | Reached skill level 5 in Long Blades
  1736 | D:3      | Found a shattered altar of Ashenzari.
  1897 | D:3      | Noticed Robin
  1900 | D:3      | Reached XP level 6. HP: 52/52 MP: 6/6
  1910 | D:3      | Killed Robin
  1937 | D:3      | Found a stormy altar of Qazlal.
  1992 | D:3      | Noticed Sigmund
  2006 | D:3      | Killed Sigmund
  2006 | D:3      | Reached skill level 6 in Long Blades
  2292 | D:4      | Found a basalt altar of Yredelemnul.
  2346 | D:4      | Found a shadowy altar of Dithmenos.
  2369 | D:4      | Your scales start taking on a golden yellow colour.
  2369 | D:4      | Reached XP level 7. HP: 45/60 MP: 7/7
  2411 | D:4      | Found a transporter.
  2412 | D:4      | Noticed a cyclops
  2413 | D:4      | Found a transporter.
  2439 | D:4      | Found a hazy altar of Hepliaklqana.
  2451 | D:4      | Reached **** piety under Trog
  2511 | D:4      | Found Fiajir's Antique Armour Boutique.
  2522 | D:4      | Bought a pair of gloves for 90 gold pieces
  2576 | D:4      | Noticed Grinder
  2602 | D:4      | Killed Grinder
  2602 | D:4      | Reached skill level 7 in Long Blades
  2680 | D:4      | Noticed Eustachio
  2715 | D:4      | Killed Eustachio
  2715 | D:4      | Reached skill level 5 in Fighting
  2876 | D:4      | Slain by a cyclops

Skill      XL: |  1  2  3  4  5  6  7 |
---------------+----------------------+-----
Dodging        | 3 4 |  4.5
Long Blades    | 4 5 6 7 |  7.7
Fighting       | 4 5 |  5.2
Stealth        | |  0.8

Action                   |  1- 3 |  4- 6 |  7- 9 || total
-------------------------+-------+-------+-------++-------
Melee: Falchion          |   116 |   150 |    62 ||   328
       Tailslap          |    12 |    19 |    10 ||    41
 Abil: Breathe Acid      |       |       |     4 ||     4
  Use: Scroll            |     1 |       |       ||     1
  Eat: Chunk             |       |     5 |     1 ||     6
       Fruit             |       |       |     2 ||     2
Armor: Skin              |    40 |    62 |    18 ||   120
Dodge: Dodged            |    92 |   120 |    28 ||   240
Block: Shield            |       |       |     6 ||     6
       Rpst.: Falchion   |    27 |    37 |    14 ||    78
